 Dungeon Crawl Stone Soup version 0.28-a0-1638-g9123634e07 (webtiles) character file.

Game seed: 4392043986861788693

88 bande the Skirmisher (level 4, -2/29 HPs)
             Began as a Gargoyle Fighter on Jan 25, 2022.
             Slain by an ice beast (7 damage)
             ... on level 3 of the Dungeon.
             The game lasted 00:03:15 (2024 turns).

bande the Skirmisher (Gargoyle Fighter)             Turns: 2024, Time: 00:03:15

Health: -2/29      AC: 12    Str: 19    XL:     4   Next: 53%
Magic:  4/4        EV:  9    Int:  9    God:
Gold:   82         SH:  4    Dex: 11    Spells: 3/3 levels left

rFire   . . .      SeeInvis .   a - +0 war axe
rCold   . . .      Faith    .   c - +0 buckler
rNeg    + . .      Spirit   .   b - +0 scale mail
rPois   ∞          Reflect  .   j - +1 helmet
rElec   +          Harm     .   (no cloak)
rCorr   +          Rampage  .   (no gloves)
Will    .....                   (no boots)
Stlth   ..........              (no amulet)
HPRegen 0.09/turn               l - ring of resist corrosion
MPRegen 0.09/turn               (no ring)

@: no status effects
A: sickness immunity, AC +3, negative energy resistance 1, electricity
resistance, torment resistance 1, petrification resistance
a: no special abilities


You were on level 3 of the Dungeon.
You visited 1 branch of the dungeon, and saw 3 of its levels.

You collected 82 gold pieces.

Inventory:

Hand Weapons
 a - a +0 war axe (weapon)
 h - a +0 morningstar
Armour
 b - a +0 scale mail (worn)
 c - a +0 buckler (worn)
 j - a +1 helmet (worn)
Jewellery
 l - a ring of resist corrosion (left hand)
Scrolls
 e - a scroll of teleportation
 k - a scroll of enchant armour
Potions
 d - a potion of might
 f - a potion of brilliance {unknown}
 g - a potion of mutation {unknown}
 i - a potion of ambrosia
 m - a potion of lignification {unknown}


   Skills:
 + Level 3.9 Fighting
 + Level 3.0 Axes
 + Level 3.8 Armour
 + Level 3.7 Shields


You had 3 spell levels left.
You didn't know any spells.
Your spell library contained the following spells:

 Spells                   Type           Power      Damage    Failure   Level
 Petrify                  Tmut/Erth      0%         N/A       100%        4
 Irradiate                Conj/Tmut      0%         3d14      100%        5
 Sublimation of Blood     Necr           Unusable   N/A       N/A         2

Dungeon Overview and Level Annotations

Branches:
Dungeon (3/15)

Altars:
Wu Jian


Innate Abilities, Weirdness & Mutations

You are immune to sickness and miasma.
Your stone body is resilient. (AC +3)
You are immune to poison.
You resist negative energy. (rN+)
You are resistant to electric shocks. (rElec)
You are resistant to unholy torment.
You are immune to petrification.


Message History

No target in view!
No target in view!
You open the door.
There is an open door here.
An ice beast comes into view.
An ice beast is nearby!
The ice beast hits you but does no damage.
You barely miss the ice beast. The ice beast barely misses you.
You hit the ice beast.
The ice beast is lightly wounded.
The ice beast barely misses you. You block the ice beast's attack.
You hit the ice beast.
The ice beast is lightly wounded.
The ice beast hits you. The ice beast freezes you!
You barely miss the ice beast.
The ice beast is lightly wounded.
The ice beast closely misses you.
You slash the ice beast!
The ice beast is heavily wounded.
The ice beast hits you but does no damage. x2
You hit the ice beast.
The ice beast is severely wounded.
The ice beast hits you. The ice beast freezes you!
* * * LOW HITPOINT WARNING * * *
You completely miss the ice beast.
The ice beast is severely wounded.
The ice beast hits you but does no damage.
You closely miss the ice beast.
The ice beast is severely wounded.
The ice beast closely misses you.
The ice beast hits you but does no damage.
You hit the ice beast.
The ice beast is severely wounded.
The ice beast hits you but does no damage.
You closely miss the ice beast.
The ice beast is severely wounded.
The ice beast hits you.
* * * LOW HITPOINT WARNING * * *
The ice beast freezes you!
You die...

.## ##.. ####..####
##........ .......#
#....# ##...######
#Y@........ ..
#...#.####### ...
#####'## ##.#.
##...## #.....
##.....## ####.#.#
##.......##
#.......##...........
..#.#.#.+..........#
#...................#


You could see an ice beast.

Vanquished Creatures
  An orc wizard (D:2)
  2 worms
  A dart slug (D:2)
  4 orcs (D:1)
  2 bats (D:1)
  4 endoplasms
  3 giant cockroaches
  5 goblins
  7 hobgoblins
  2 quokkas
  5 ball pythons
  A frilled lizard (D:1)
  6 kobolds
  5 rats
48 creatures vanquished.

Vanquished Creatures (others)
  A plant (D:2)
1 creature vanquished.

Grand Total: 49 creatures vanquished

Notes
Turn   | Place    | Note
-------+----------+-------------------------------------------
     0 | D:1      | bande the Gargoyle Fighter began the quest for the Orb.
     0 | D:1      | Reached XP level 1. HP: 14/14 MP: 1/1
    84 | D:1      | Reached XP level 2. HP: 15/19 MP: 2/2
   501 | D:1      | Reached XP level 3. HP: 21/24 MP: 3/3
   649 | D:1      | Found a faded altar of an unknown god.
   912 | D:2      | Reached XP level 4. HP: 22/29 MP: 4/4
  1578 | D:2      | Found an ornate altar of the Wu Jian Council.
  2013 | D:3      | Noticed an ice beast
  2024 | D:3      | Slain by an ice beast

Illustrated notes

Levels and vault maps discovered:
D:1:      amcnicky_arrival_abandoned_market, layout_rooms,
          hellmonk_ecumenical_altar_zigzags, minmay_misc_feat_secret_circle,
          nicolae_wormholes
D:2:      layout_basic, basic_altar, corexii_shack, grunt_ministairs_12,
          minmay_fractal_squares_gapless_5
D:3:      layout_loops_corners, gammafunk_ghost_nasty_kobolds, st_stairs_13,
          minmay_vboxes, uniq_robin

Skill      XL: |  1  2  3  4 |
---------------+-------------+-----
Axes           | 2 3 |  3.0
Fighting       | |  3.9
Armour         | |  3.8
Shields        | |  3.7

Action                   |  1- 3 |  4- 6 || total
-------------------------+-------+-------++-------
Melee: War axe           |    82 |    56 ||   138
  Use: Scroll            |       |     5 ||     5
Armor: Scale mail        |    47 |    25 ||    72
Dodge: Dodged            |    35 |    28 ||    63
Block: Buckler           |    25 |     8 ||    33

Table legend: (Time is in decaauts)
 A = Elapsed time spent in this place.
 B = Non-inter-level travel time spent in this place.
 C = Inter-level travel time spent in this place.
 D = Time resting spent in this place.
 E = Time spent auto-exploring this place.
 F = Levels seen in this place.
 G = Mean time per level.
                   A        B        C        D        E       F      G
               +--------+--------+--------+--------+--------+-----+--------+
         Total |   2084 |   2056 |     28 |    242 |   1397 |   3 |  694.7 |
       Dungeon |   2084 |   2056 |     28 |    242 |   1397 |   3 |  694.7 |
               +--------+--------+--------+--------+--------+-----+--------+

Top non-repeatable levels by time:
     D:2: 1059 daAuts
     D:1: 921 daAuts
     D:3: 103 daAuts
